[Event "MČR v bleskovém šachu družstev 2019"]
[Site "Teplice, Czech Republic"]
[Date "2019.09.14"]
[Round "8.2"]
[White "Cernousek, Lukas"]
[Black "Polak, Tomas"]
[Result "0-1"]
[TimeControl "3 mim. + 2 s"]
[WhiteTitle "IM"]
[BlackTitle "GM"]
[WhiteFideId "311707"]
[BlackFideId "300560"]
[WhiteElo "2473"]
[BlackElo "2510"]

1. Nf3 Nf6 2. e3 b6 3. c4 Bb7 4. d4 e6 5. Bd3 Be7 6. O-O c5 7. Nc3 cxd4 8. exd4 d5 9. cxd5 Nxd5 10. Ne5 O-O 11. Qg4 f5 12. Qe2 Bf6 13. Bc4 Re8 14. Re1 Nc6 15. Nxc6 Bxc6 16. Be3 Qd6 17.
Rad1 Rad8 18. Bc1 h6 19. h3 Kh8 20. Qh5 Kh7 21. Rd3 Re7 22. Rg3 Be8 23. Qf3 Nb4 24. a3 Nc2 25. Rxe6 Nxd4 26.
Rxd6 Nxf3+ 27. Rxf3 Rxd6 0-1

[Event "MČR v bleskovém šachu družstev 2019"]
[Site "Teplice, Czech Republic"]
[Date "2019.09.14"]
[Round "8.3"]
[White "Stocek, Jiri"]
[Black "Vrbata, Zbynek"]
[Result "1/2-1/2"]
[TimeControl "3 mim. + 2 s"]
[WhiteTitle "GM"]
[BlackTitle "FM"]
[WhiteFideId "304760"]
[BlackFideId "301256"]
[WhiteElo "2505"]
[BlackElo "2324"]

1. c4 Nf6 2. Nc3 g6 3. d4 Bg7 4.
e4 O-O 5. Nf3 d6 6. Be2 Nbd7 7. e5 Ne8 8. Bf4 c5 9. dxc5 Nxc5 10. O-O Bg4 11. exd6 Nxd6 12. Rc1 Rc8 13. b3 Nf5 14.
Ne5 Bxe2 15. Qxe2 f6 16. Nf3 e5 17. Rfd1 Qe8 18. Be3 Nxe3 19. Qxe3 f5 20. Nb5 Qe7 21. Nxa7 e4 22. Nxc8 Rxc8 23. Nd4 Qf6 24. Nb5 f4 25. Qd4 Qxd4 26.
Nxd4 Nd3 27. Ne6 Nxc1 28. Rxc1 Be5 29.
Rd1 Kf7 30. Nd8+ Kf6 31. Nxb7 e3 32.
Kf1 Ra8 33. a4 Rb8 34. Nc5 Kf5 35. fxe3 fxe3 36.
Ke2 Bxh2 37. Kxe3 Re8+ 38. Kf3 g5 39. g4+ Kf6 40. Ne4+ Kg6 41. c5 Rf8+ 42. Kg2 Bb8 43. b4 Rf4 44. Nf2 Rxb4 45. a5 Rb5 46. Ra1 Rxc5 47. a6 Ba7 48. Ne4 Rc4 49. Kf3 h5 50. gxh5+ Kxh5 51. Nf6+ Kg6 52. Nd5 g4+ 53. Kg3 Kf5 54. Ra5 1/2-1/2

[Event "MČR v bleskovém šachu družstev 2019"]
[Site "Teplice, Czech Republic"]
[Date "2019.09.14"]
[Round "8.4"]
[White "Kuba, Jindrich"]
[Black "Vymazal, Bronislav"]
[Result "1/2-1/2"]
[TimeControl "3 mim. + 2 s"]
[WhiteTitle "FM"]
[WhiteFideId "318248"]
[BlackFideId "318396"]
[WhiteElo "2223"]
[BlackElo "2309"]

1. e4 b6 2. Nf3 Bb7 3. Nc3 e6 4. d4 Bb4 5. Bd3 Nf6 6. Qe2 d5 7. e5 Ne4 8. Bd2 Nxd2 9. Nxd2 c5 10. Qg4 O-O 11.
a3 Ba5 12. Nf3 h6 13. O-O Nc6 14. Nb5 Ba6 15. Nd6 Bxd3 16. cxd3 f5 17. Qg6 Qd7 18. Rac1 Rab8 19. Rc2 Qe7 20.
Rfc1 Rfd8 21. b4 Nxb4 22. axb4 Bxb4 23. dxc5 bxc5 24. g3 a5 25. Nh4 a4 26. d4 c4 27. Nxc4 dxc4 28. Rxc4 Bd2 29. Rc7 Rd7 30. Rxd7 Qxd7 31. Rd1 Bc3 32. Nf3 a3 33. d5 Re8 34. dxe6 Qxe6 35. Qxe6+ Rxe6 36. Rd8+ Kh7 37. Ra8 Bb2 38. Nd2 Rxe5 39. Nc4 Rb5 40. Nxa3 Bxa3 41. Rxa3 Rb1+ 1/2-1/2

[Event "MČR v bleskovém šachu družstev 2019"]
[Site "Teplice, Czech Republic"]
[Date "2019.09.14"]
[Round "8.5"]
[White "Liska, Jiri"]
[Black "Jirovsky, Milos"]
[Result "0-1"]
[TimeControl "3 mim. + 2 s"]
[WhiteTitle "FM"]
[BlackTitle "GM"]
[BlackFideId "303224"]
[WhiteElo "2241"]
[BlackElo "2499"]

1. Nf3 d5 2. d4 Nf6 3. c4 e6 4. g3 dxc4 5. Bg2 Nc6 6. O-O Rb8 7. a4 a6 8. Bf4 Be7 9. Qc2 b5 10. Rd1 Bb7 11. Na3 Nb4 12. Qc1 Bd5 13. b3 cxb3 14.
Bxc7 b2 15. Qf4 bxa1=Q 16. Rxa1 Qc8 17. Bxb8 O-O 18. Bd6 Nh5 19. Qe5 f6 20. Qxh5 Bxd6 21. axb5 Qc3 22. Re1 Bxf3 23. Qxf3 Qxe1+ 0-1

[Event "MČR v bleskovém šachu družstev 2019"]
[Site "Teplice, Czech Republic"]
[Date "2019.09.14"]
[Round "8.6"]
[White "Sokolov, Alexander"]
[Black "Vltavsky, Vladimir"]
[Result "1-0"]
[TimeControl "3 mim. + 2 s"]
[WhiteTitle "FM"]
[WhiteFideId "4119177"]
[WhiteElo "2417"]
[BlackElo "2252"]

1. e4 e5 2. f4 exf4 3.
Nf3 d5 4. exd5 Nf6 5. Bc4 Nxd5 6. Qe2+ Be7 7. O-O O-O 8.
Bxd5 Qxd5 9. Qxe7 Bg4 10. Nc3 Qh5 11. Qxc7 Bxf3 12. Rxf3 Nc6 13. Qxf4 Rfe8 14. Rf1 Re6 15. d3 Qc5+ 16. Qf2 Qh5 17. Ne4 Ne5 18.
Bf4 Ng4 19. Qf3 f5 20. Nc3 g5 21. Qd5 Rae8 22. Bg3 Ne3 23. Qf3 g4 24. Qf4 Nxf1 25. Rxf1 Rf8 26. d4 Qe8 27. d5 Rg6 28.
d6 h5 29. Nd5 Kh7 30. Ne7 Rgf6 31. Qe5 Qf7 32. Bf4 Re6 33. Qb5 h4 34. Nd5 h3 35. g3 a6 36. Qd3 Re4 37. Nc3 Re6 38.
Bg5 Kg6 39. d7 Rd8 40. Bxd8 1-0

[Event "MČR v bleskovém šachu družstev 2019"]
[Site "Teplice, Czech Republic"]
[Date "2019.09.14"]
[Round "8.7"]
[White "Marsalek, Zdenek"]
[Black "Dolezal, Radoslav"]
[Result "0-1"]
[TimeControl "3 mim. + 2 s"]
[BlackTitle "IM"]
[BlackFideId "304735"]
[WhiteElo "2272"]
[BlackElo "2359"]

1. d4 Nf6 2. Nf3 e6 3. g3 c5 4. Bg2 Nc6 5. O-O b5 6. b3 Bb7 7.
dxc5 Bxc5 8. Bb2 O-O 9.
Ne5 Rc8 10. Nd2 d5 11. e3 Qe7 12. Rc1 Nxe5 13. Bxe5 Ba3 14. Rb1 a5 15. c4 dxc4 16. Bxb7 Qxb7 17. bxc4 b4 18. Qa4 Qd7 19. Qc2 Rfd8 20.
Rfd1 Qd3 21. Qb3 Ng4 22. Qxd3 Rxd3 23. Bd4 e5 24. Bb6 a4 25. Ne4 Rxd1+ 26. Rxd1 b3 27. axb3 axb3 28. c5 b2 29. Rb1 f5 30. Nd6 Rc6 31. Nxf5 Kf7 32.
Nd6+ Ke6 33. Nc4 Bxc5 34. Bxc5 Rxc5 35. Nxb2 Rb5 36. Kg2 e4 37. Kf1 Ne5 38. Ra1 Rxb2 39. Ra7 Kf6 40.
Ra6+ Kf5 41. h3 h5 42. Kg2 Nd3 43. Ra5+ Kg6 44. Ra6+ Kh7 45. g4 hxg4 46. hxg4 Rxf2+ 47. Kg3 Rf3+ 48. Kh4 Rxe3 49. g5 Nf4 50.
Kg4 Rf3 51. Ra4 Ng6 52. Rxe4 Rf1 53. Ra4 Kg8 54. Ra8+ Kf7 55. Ra7+ Ne7 56. Ra4 g6 57. Rb4 Rd1 58. Ra4 Ke6 59.
Re4+ Kd6 60. Ra4 Ke5 61.
Ra5+ Rd5 62. Ra7 Rd4+ 63. Kf3 Nd5 64. Rg7 Kf5 65. Rd7 Kxg5 66. Rd6 Kf5 67. Rd8 g5 68. Kg3 Rd3+ 69. Kf2 g4 70.
Rg8 Nf6 71. Rg7 Ne4+ 72. Ke2 Ra3 73. Rg8 g3 74. Kf1 Ra2 75. Rg7 Kf4 76. Rg8 Ng5 77. Rf8+ Kg4 78. Rg8 Rf2+ 79. Kg1 Rb2 80.
Kf1 Kf4 81. Rf8+ Ke3 82. Rg8 Rf2+ 83. Ke1 Nf3+ 84. Kd1 Rd2+ 85. Kc1 g2 0-1

[Event "MČR v bleskovém šachu družstev 2019"]
[Site "Teplice, Czech Republic"]
[Date "2019.09.14"]
[Round "8.8"]
[White "Postupa, Pavel"]
[Black "Duran, Tomas"]
[Result "1-0"]
[TimeControl "3 mim. + 2 s"]
[WhiteFideId "326410"]
[WhiteElo "2184"]
[BlackElo "2135"]

1. e4 d6 2. d4 Nf6 3. Nc3 e5 4. Nf3 Nbd7 5. Bc4 Be7 6. a4 O-O 7. O-O c6 8. Re1 a5 9. h3 Qc7 10. Bd3 Re8 11. Ne2 Bf8 12. Ng3 exd4 13.
Nxd4 Nc5 14. c3 Nxd3 15. Qxd3 Nd7 16. Bf4 Ne5 17. Bxe5 dxe5 18. Ndf5 g6 19. Ne3 Be6 20. Ng4 Red8 21.
Qf3 Bg7 22. h4 Qe7 23. h5 Qg5 24. Ne3 Rd3 25. Red1 Rad8 26. Rxd3 Rxd3 27. Qe2 Qd8 28. Ngf1 Bb3 29. Ra3 Be6 30.
Nd5 Rxd5 31. exd5 Qxd5 32. Ra1 Qb3 33. Ne3 Bh6 34. Rd1 Qxa4 35. Rd8+ Kg7 36.
hxg6 hxg6 37. Qd2 Qb5 38. b4 Bf4 39. Rb8 Qb6 40. Qd8 Kh6 41. Qh4+ Kg7 42. Qh8# 1-0

[Event "MČR v bleskovém šachu družstev 2019"]
[Site "Teplice, Czech Republic"]
[Date "2019.09.14"]
[Round "8.9"]
[White "Vykouk, Jan"]
[Black "Krejci, Jan"]
[Result "1-0"]
[TimeControl "3 mim. + 2 s"]
[WhiteTitle "IM"]
[BlackTitle "GM"]
[BlackFideId "322156"]
[WhiteElo "2439"]
[BlackElo "2527"]

1. e4 e5 2. Nf3 Nc6 3.
Bc4 Bc5 4. c3 Nf6 5. d4 exd4 6. O-O d6 7. cxd4 Bb6 8. Nc3 Bg4 9. Be3 Bxf3 10. gxf3 O-O 11. Kh1 Ne7 12. Bd3 d5 13. e5 Nd7 14. f4 f5 15. Rg1 c5 16. Ne2 cxd4 17. Bxd4 Nc5 18. b4 Ne6 19. Be3 d4 20. Bd2 Qd5+ 21. Rg2 Ng6
22. Qb3 Qd7 23. Bc4 Rae8
24. a4 a6 25. a5 Ba7 26. b5 Kh8 27. b6 Bb8 28. Qh3 Ne7 29. Rag1 Nd5 30. Bd3 Nc5 31. Rxg7 Qxg7 32. Rxg7 Kxg7 33. Bxf5 Rf7 34. Qg2+ Kh8 35. Qxd5 Rxf5 36. Qxc5 Bxe5 37. fxe5 Rxf2 38. Qxd4 Rxe2 39. e6+ Kg8 40. Qg4+ Kf8 41. Qxe2 1-0

[Event "MČR v bleskovém šachu družstev 2019"]
[Site "Teplice, Czech Republic"]
[Date "2019.09.14"]
[Round "8.10"]
[White "Sorm, Daniel"]
[Black "Studnicka, Tomas"]
[Result "1-0"]
[TimeControl "3 mim. + 2 s"]
[WhiteTitle "FM"]
[BlackTitle "IM"]
[WhiteFideId "5400139"]
[WhiteElo "2310"]
[BlackElo "2215"]

1. d4 Nf6 2. c4 g6 3.
Nc3 Bg7 4. e4 d6 5. h3 O-O 6. Bg5 h6 7. Be3 e5 8. d5 a5 9. Bd3 Na6 10. Qd2 Kh7 11. Nge2 b6 12. g4 Nd7 13.
O-O-O Ndc5 14. Bb1 a4 15. f3 Bd7 16. h4 f5 17. exf5 gxf5 18. Ng3 e4 19. Nxf5 Bxf5 20. gxf5 Nd3+ 21. Bxd3 exd3 22. Rdg1 Qf6 23.
Qg2 a3 24. Kb1 Rg8 25. Qg6+ Kh8 26. Bxh6 axb2 27. Ne4 Qxg6 28. Rxg6 Nc5 29. f6 Kh7 30. Rxg7+ Kxh6 31. Rhg1 Rxg7 32.
Rxg7 Nxe4 33. fxe4 Rf8 34. Kxb2 Rxf6 35. Rxc7 Rf2+ 36.
Kc3 d2 37. Kc2 Kg6 38. Rc6 Kf6 39. Rxd6+ Ke5 40. Rxb6 Kd4 41. Rb1 Ke3 42. Rd1 Rf4 43. Rxd2 Rxe4 44. Kc3 Rxh4 45.
d6 1-0

[Event "MČR v bleskovém šachu družstev 2019"]
[Site "Teplice, Czech Republic"]
[Date "2019.09.14"]
[Round "8.11"]
[White "Cech, Pavel"]
[Black "Strasil, Pavel"]
[Result "1/2-1/2"]
[TimeControl "3 mim. + 2 s"]
[WhiteTitle "IM"]
[BlackFideId "308013"]
[WhiteElo "2387"]
[BlackElo "2026"]

1. e4 e6 2. d4 d5 3.
Nd2 a6 4. e5 c5 5. c3 Nc6 6.
Ngf3 f6 7. Bd3 Nge7 8. exf6 gxf6 9. Nh4 h5 10. Ng6 Nxg6 11. Bxg6+ Kd7 12. Bxh5 cxd4 13. cxd4 Nxd4 14. O-O Bd6 15. g3 Nc6 16. Re1 Kc7 17.
Nf1 Bb4 18. Bd2 Bxd2 19. Nxd2 Bd7 20. Nf1 Qg8 21. Rc1 Qh7 22. Bf3 Rag8 23. Qd2 Kb8 24. Qf4+ Ne5 25. Rxe5 fxe5 26. Qxe5+ Ka8 27.
Rc7 Rc8 28. h4 Rxc7 29. Qxc7 Bc6 30. Qd6 Qf5 31. Bg2 Rf8 32. f4 Bb5 33. Ne3 Qf7 34. Ng4 Rg8 35. Ne5 Qf5 36. Kh2 Qf6 37. h5 Rh8 38. Bf3 Qf5 39.
Qc7 Rxh5+ 40. Bxh5 Qxh5+ 41. Kg1 Qd1+ 42. Kh2 Qh5+ 43. Kg1 Qd1+ 1/2-1/2

[Event "MČR v bleskovém šachu družstev 2019"]
[Site "Teplice, Czech Republic"]
[Date "2019.09.14"]
[Round "8.12"]
[White "Krejci, Jan"]
[Black "Sodoma, Jan"]
[Result "0-1"]
[TimeControl "3 mim. + 2 s"]
[BlackTitle "IM"]
[WhiteFideId "316873"]
[WhiteElo "2048"]
[BlackElo "2193"]

1. Nf3 Nf6 2. c4 e6 3. g3 b6 4.
Bg2 Bb7 5. O-O Be7 6. Re1 O-O 7. Nc3 c5 8. e3 d5 9. cxd5 Nxd5 10. Nxd5 Qxd5 11.
d4 Rd8 12. Nh4 Qd7 13. Bxb7 Qxb7 14. Qf3 Nc6 15. dxc5 Bxh4 16. gxh4 bxc5 17. b3 Rab8 18. Bb2 Nb4 19. Qg3 f5 20. Red1 Nd3 21. Bc3 Rd7 22.
Rd2 Rbd8 23. Rad1 g6 24. h5 f4 25. exf4 Qe4 26. hxg6 hxg6 27. Bf6 Nxf4 28. Rxd7 Ne2+ 29. Kf1 0-1

[Event "MČR v bleskovém šachu družstev 2019"]
[Site "Teplice, Czech Republic"]
[Date "2019.09.14"]
[Round "8.13"]
[White "Vojta, Tomas"]
[Black "Bach, Markus"]
[Result "1-0"]
[TimeControl "3 mim. + 2 s"]
[WhiteTitle "FM"]
[WhiteFideId "308781"]
[BlackFideId "24603376"]
[WhiteElo "2353"]
[BlackElo "2259"]

1. e4 c6 2. d4 d5 3. e5 c5 4. dxc5 Nc6 5. Bb5 e6 6. Be3 Qa5+ 7. Nc3 a6 8. Bxc6+ bxc6 9. a3 Rb8 10.
b4 Qc7 11. Nf3 Ne7 12. O-O Nf5 13. Bd4 a5 14. Rb1 Ba6 15.
Re1 Be7 16. Ne2 Nxd4 17. Nexd4 O-O 18.
c3 Bc4 19. Qd2 h6 20. Qc2 Rb7 21. Nb3 axb4 22. axb4 1-0

[Event "MČR v bleskovém šachu družstev 2019"]
[Site "Teplice, Czech Republic"]
[Date "2019.09.14"]
[Round "8.15"]
[White "Svanda, Ondrej"]
[Black "Tresnak, Filip"]
[Result "1-0"]
[TimeControl "3 mim. + 2 s"]
[WhiteTitle "FM"]
[WhiteFideId "359670"]
[BlackFideId "333905"]
[WhiteElo "1924"]
[BlackElo "1931"]

1. e4 e6 2. d4 d5 3. Nc3 Bb4 4. e5 c5 5. Bd2 cxd4 6. Nb5 Be7 7. Qg4 Kf8 8. Nf3 Nc6 9. Nbxd4 Nb4 10. a3 Nc6 11. Bd3 a6 12. O-O Qc7 13. Nxc6 bxc6 14. c4 a5 15. b4 axb4 16. axb4 Rxa1 17. Rxa1 dxc4 18. Bxc4 h5 19. Qe4 Nh6 20. Nd4 Bb7 21. Qe2 g6 22. b5 cxb5 23. Nxb5 Qc6 24. f3 Kg7 25. Kh1 Nf5 26. Bd3 Bc5 27. Be4 Qc8 28. Rc1 Bxe4 29. fxe4 Ne7 30. Be3 Bxe3 31. Rxc8 Rxc8 32. Qxe3 Rb8 33. Nc3 Nc6 34. h3 Nxe5 35. Qd4 f6 36. Na4 Rb1+ 37. Kh2 Rb7 38. Nc5 Re7 39. Qd6 Kf7 40. Nd3 Nxd3 41. Qxd3 e5 42. Qd5+ Kg7 43. Kg3 f5 44. exf5 gxf5 45. Kh4 Kg6 46. Qd6+ Kf7 47. Kg5 Re6 48. Qd7+ Re7 49. Qxf5+ Ke8 50. Qc8+ Kf7 51. Kf5 Kg7 52. Qc3 Kh6 53. Qg3 Rg7 54. Qe3+ Kh7 55. Qxe5 1-0

[Event "MČR v bleskovém šachu družstev 2019"]
[Site "Teplice, Czech Republic"]
[Date "2019.09.14"]
[Round "8.16"]
[White "Prudek, Jiri"]
[Black "Skacelik, Petr"]
[Result "0-1"]
[TimeControl "3 mim. + 2 s"]
[WhiteFideId "327310"]
[BlackFideId "307904"]
[WhiteElo "1962"]
[BlackElo "2078"]

1. e4 c5 2. Nf3 Nc6 3. d4 cxd4 4. Nxd4 g6 5. Nc3 Bg7 6.
Be3 Nf6 7. f3 O-O 8. Qd2 d5 9.
Nxc6 bxc6 10. e5 Nd7 11. f4 f6 12. exf6 Nxf6 13. Be2 e6 14. O-O Nd7 15. Bg4 Re8 16. Bd4 Bxd4+ 17. Qxd4 Qb6 18. Qxb6 Nxb6 19. b3 e5 20. fxe5 Bxg4 21. Rae1 Re7 22.
h3 Bf5 23. Rf2 Rae8 24. g4 Bc8 25.
Rfe2 Nd7 26. e6 Nf8 27. Na4 Rxe6 28. Rxe6 Rxe6 29. Kf2 Rxe1 30. Kxe1 Ne6 31. Ke2 Ba6+ 32. Ke3 Bb5 33. Nb2 Kf7 34. Nd1 Ke7 35. Nf2 Kd6 36. h4 c5 37. c3 d4+ 38. cxd4 cxd4+ 39. Ke4 Bc6+ 40. Kd3 Ke5 41. a4 Bd5 42.
b4 Nf4+ 43. Kd2 Bc4 44. Nd1 Nd5 45.
Nb2 Bf1 46. b5 Nc3 47. Ke1 Bh3 48.
g5 Be6 49. Nd3+ Kf5 50. Nc5 Bc4 0-1

[Event "MČR v bleskovém šachu družstev 2019"]
[Site "Teplice, Czech Republic"]
[Date "2019.09.14"]
[Round "8.17"]
[White "Bujak, Michal"]
[Black "Trepka, Jan"]
[Result "0-1"]
[TimeControl "3 mim. + 2 s"]
[WhiteFideId "316318"]
[BlackFideId "322814"]
[WhiteElo "2120"]
[BlackElo "2186"]

1. e4 c6 2. d4 d5 3. Nc3 dxe4 4. Nxe4 Nf6 5. Nxf6+ exf6 6. c3 Be6 7. Bd3 Bd6 8. Qc2 Qc7 9. Ne2 Nd7 10. Be3 a6 11.
c4 Bb4+ 12. Nc3 Nb6 13. a3 Be7 14. Ne4 Rd8 15. O-O-O f5 16. Nc5 Bf6 17. Rhe1 O-O 18. Nxe6 fxe6 19. g3 Bxd4 20. Bf4 Qc8 21. Re2 Rfe8 22. Rde1 g6 23. g4 c5 24. Bg5 e5 25. Bxd8 Qxd8 26. gxf5 g5 27. f6 h6 28. Bg6 Rf8 29. f7+ Kg7 30. Bh5 Qf6 31. h4 Nc8 32. Rg1 Nd6 33. hxg5 hxg5 34. f3 Nxf7 35. Rh2 Bxg1 36. Bxf7 Kxf7 37. Rh7+ Ke8 38. Qd1 Rf7 39. Rxf7 Kxf7 0-1

[Event "MČR v bleskovém šachu družstev 2019"]
[Site "Teplice, Czech Republic"]
[Date "2019.09.14"]
[Round "8.18"]
[White "Ruzicka, Ales"]
[Black "Sott, Pavel"]
[Result "0-1"]
[TimeControl "3 mim. + 2 s"]
[WhiteFideId "325252"]
[BlackFideId "311910"]
[WhiteElo "2102"]
[BlackElo "2167"]

1. e4 c5 2. Nf3 Nc6 3. Bb5 g6 4. O-O Bg7 5. Re1 Nf6 6. c3 O-O 7. d4 cxd4 8. cxd4 d5 9. e5 Ne4 10. Nc3 Nxc3 11. bxc3 Bg4 12. h3 Bxf3 13. Qxf3 Rc8 14.
a4 a6 15. Bxc6 Rxc6 16. Rb1 Qd7 17. Ba3 Rfc8 18. Bb4 e6 19. h4 Bf8 20. Bxf8 Kxf8 21. Rb3 Rc4 22. Reb1 R8c7 23. Qf6 Kg8 24.
h5 Qe7 25. Rxb7 Qxf6 26. exf6 h6 27. hxg6 fxg6 28. Rxc7 Rxc7 29. Rb6 Kf7 30. Rxa6 Kxf6 31. a5 Rxc3 32. g3 Rd3 33. Rb6 Rxd4 34.
a6 Ra4 35. Kg2 h5 36. Kf3 g5 37. Ke2 h4 38. gxh4 gxh4 39. Kf3 Kf5 40. Kg2 Ra3 41. Rb4 Rxa6 42. Rxh4 e5 43. Rh5+ Ke4 44. Rg5 Kd4 45. f3 Ra2+ 46.
Kg3 e4 47. fxe4 Kxe4 48. Rg8 d4 49.
Re8+ Kd3 50. Kf3 Ra7 51. Kf2 Kd2 52. Rf8 d3 53. Rf6 Re7 54. Rf8 Kd1 55. Rf6 Re2+ 56.
Kf1 Re8 57. Kf2 Re4 58. Rf8 d2 59. Rc8 Re7 60. Rf8 Re5 61. Rf7 Re4 62. Rf8 Kc2 63. Rc8+ Kd3 64. Rd8+ Kc2 65. Rc8+ Kd1 66. Kf3 Re7 67. Kf2 Rf7+ 68. Ke3 Ke1 69. Rh8 d1=Q 70. Rh1+ Rf1 0-1

[Event "MČR v bleskovém šachu družstev 2019"]
[Site "Teplice, Czech Republic"]
[Date "2019.09.14"]
[Round "8.19"]
[White "Kupka, Frantisek"]
[Black "Loskot, Petr"]
[Result "0-1"]
[TimeControl "3 mim. + 2 s"]
[WhiteFideId "309540"]
[BlackFideId "319570"]
[WhiteElo "2034"]
[BlackElo "2010"]

1. e4 e6 2. d3 d5 3. Nd2 Nf6 4. g3 Be7 5. Bg2 dxe4 6. dxe4 e5 7. Ngf3 Nc6 8. O-O O-O 9. c3 Bg4 10.
Qb3 Rb8 11. Re1 Be6 12. Qb5 a6 13. Qe2 b5 14. Ng5 Bg4 15. Qe3 h6 16. Ngf3 Qc8 17. Nh4 Be6 18. Nb3 Ng4 19. Qe2 Bxh4 20.
gxh4 Qd8 21. Qf3 Qxh4 22. h3 Nf6 23. Nc5 Bc8 24. Be3 Nd7 25. Nxd7 Bxd7 26. Rad1 Be6 27. Bc5 Rfd8 28. b3 Rxd1 29. Rxd1 Rd8 30.
Rxd8+ Qxd8 31. Qe2 Qh4 32. Qf3 g5 33. Be3 g4 34. hxg4 Bxg4 35. Qg3 Qxg3 36. fxg3 h5 37. Bg5 Kg7 38. Be3 Kg6 39. Kf1 Nd8 40. Ke1 Ne6 41. Kd2 Kf6 42. Bf2 Ke7 43. Bf1 Kd6 44. Kc2 c5 45. Kd2 Ng5 46. Ke3 Bf3 47. Bd3 Bg4 48.
Kd2 Ne6 49. Be3 Kc6 50. Bf1 a5 51.
a4 bxa4 52. bxa4 Nc7 53. Bc4 Be6 54.
Bf1 Bb3 55. Be2 Bxa4 56. Bxh5 Bb3 57. Be2 a4 58. Kc1 a3 59. Kb1 Nb5 60. g4 Nxc3+ 61. Bb5+ 0-1

[Event "MČR v bleskovém šachu družstev 2019"]
[Site "Teplice, Czech Republic"]
[Date "2019.09.14"]
[Round "8.21"]
[White "Mach, Petr"]
[Black "Rubes, Jan"]
[Result "0-1"]
[TimeControl "3 mim. + 2 s"]
[BlackTitle "FM"]
[BlackFideId "338176"]
[WhiteElo "1961"]
[BlackElo "2316"]

1. Nf3 Nf6 2. c4 g6 3. Nc3 Bg7 4. d4 d6 5. g3 O-O 6. Bg2 Nc6 7. O-O a6 8. h3 Rb8 9. a4 a5 10. e4 Nb4 11. Be3 Nd7 12. Nd5 Nxd5 0-1

[Event "MČR v bleskovém šachu družstev 2019"]
[Site "Teplice, Czech Republic"]
[Date "2019.09.14"]
[Round "8.22"]
[White "Hadraba, Vladimir"]
[Black "Kovar, Vojtech"]
[Result "0-1"]
[TimeControl "3 mim. + 2 s"]
[WhiteFideId "301663"]
[WhiteElo "2095"]
[BlackElo "2247"]

1. e4 e5 2. Nf3 Nc6 3. Bb5 a6 4. Ba4 Nf6 5. O-O Be7 6. Re1 b5 7. Bb3 d6 8.
c3 O-O 9. h3 Nb8 10. d4 Nbd7 11.
Nbd2 Bb7 12. Bc2 Re8 13. Nf1 Bf8 14. Ng3 g6 15. Bg5 h6 16. Bd2 Bg7 17. a4 c5 18.
d5 c4 19. Nh2 Nc5 20. Ng4 Nxg4 21. hxg4 Rb8 22. axb5 axb5 23. Qf3 Bc8 24. Ra7 Re7 25. Rea1 Rxa7 26. Rxa7 Bd7 27. Be3 Be8 28. Nf1 Qb6 29.
Ra1 Qc7 30. g5 h5 31. Ng3 b4 32.
Ne2 Nd3 33. Bxd3 cxd3 34. Ng3 bxc3 35.
bxc3 Qxc3 36. Ra7 d2 37. Nf1 Rb1 38.
Bxd2 Qxd2 39. Ra8 Kf8 40. Qa3 Qb4 41. Qa6 Rc1 0-1

[Event "MČR v bleskovém šachu družstev 2019"]
[Site "Teplice, Czech Republic"]
[Date "2019.09.14"]
[Round "8.24"]
[White "Krutsky, Martin"]
[Black "Ocelak, Jakub"]
[Result "1-0"]
[TimeControl "3 mim. + 2 s"]
[WhiteFideId "361526"]
[WhiteElo "1974"]
[BlackElo "1705"]

1. e4 e6 2. d4 d5 3. e5 c5 4. c3 Nc6 5. Nf3 Bd7 6. a3 f6 7. Bd3 fxe5 8. Nxe5 Nf6 9. Nxc6 bxc6 10.
O-O Bd6 11. f4 O-O 12. Nd2 cxd4 13. cxd4 c5 14. Nf3 cxd4 15. Ne5 Bc5 16. Kh1 Ne4 17. Qe2 Bd6 18. Bd2 Rb8 19. b4 Nc3 20. Qh5 Ne4 21. Rae1 Be8 22.
Qh3 Qe7 23. Bxe4 dxe4 24. Rxe4 Bxe5 25. Rxe5 Bd7 26. Rfe1 Qd6 27. Rh5 h6 28. f5 exf5 29. Bxh6 gxh6 30. Rxh6 Qd5 31. Rg6+ Kf7 32. Qh7# 1-0

[Event "MČR v bleskovém šachu družstev 2019"]
[Site "Teplice, Czech Republic"]
[Date "2019.09.14"]
[Round "8.25"]
[White "Istona, Martin"]
[Black "Formanek, Martin"]
[Result "0-1"]
[TimeControl "3 mim. + 2 s"]
[WhiteTitle "FM"]
[WhiteFideId "14923475"]
[BlackFideId "316768"]
[WhiteElo "2078"]
[BlackElo "2230"]

1. e4 c5 2. Nf3 d6 3. d4 cxd4 4. Nxd4 Nf6 5. Nc3 a6 6. h3 e6 7. g4 d5 8. exd5 Nxd5 9. Bd2 Nc6 10. Nxc6 bxc6 11. Bg2 Qc7 12. Ne4 Be7 13. c4 Nf6 14. Bc3 O-O 15. Nxf6+ Bxf6 16.
Bxf6 gxf6 17. O-O Bb7 18. c5 Qe5 19. Qc2 Rad8 20. Rfe1 Qf4 21. Rad1 Kg7 22. Qc3 Qg5 23.
Rd6 Rxd6 24. cxd6 Rd8 25. Rd1 Qe5 26. Qb4 Qb5 27. Qc3 c5 28. Bxb7 Qxb7 29. g5 e5 30. gxf6+ Kxf6 31. Kf1 Qh1+ 32. Ke2 Qe4+ 33. Qe3 Qxe3+ 34. Kxe3 Ke6 35. Ke4 f5+ 36. Kf3 Rxd6 37. Rc1 Kd5 38. b3 Rh6 39. Kg2 Rh4 40. Rd1+ Rd4 41. Rc1 Rd2 42. a4 Rd3 43. Rb1 f4 44. h4 e4 45. b4 c4 46. b5 axb5 47. axb5 Rb3 48. Rd1+ Ke5 49. Rd7 Rxb5 50. Rxh7 Rb2 51. Kg1 c3 52. Rc7 Kd4 53. Rd7+ Kc4 54. Rc7+ Kd3 55. Rd7+ Ke2 56.
Kg2 c2 57. Rc7 Kd1 58. Rd7+ Kc1 59.
h5 Kb1 0-1

[Event "MČR v bleskovém šachu družstev 2019"]
[Site "Teplice, Czech Republic"]
[Date "2019.09.14"]
[Round "8.26"]
[White "Dvorak, Jan"]
[Black "Markovic, Milan"]
[Result "1-0"]
[TimeControl "3 mim. + 2 s"]
[WhiteFideId "314870"]
[BlackFideId "305103"]
[WhiteElo "2229"]
[BlackElo "2113"]

1. c4 Nf6 2. Nc3 c5 3. g3 d5 4. cxd5 Nxd5 5.
Bg2 Nc7 6. Nf3 Nc6 7. O-O e5 8. a3 Be7 9. b4 cxb4 10. axb4 Bxb4 11. Nxe5 Nxe5 12. Qa4+ Nc6 13. Bxc6+ bxc6 14. Qxb4 Qe7 15. Qxe7+ Kxe7 16. Ba3+ Kd7 17. Ne4 Ne6 18. e3 Ba6 19. Rfc1 Bb5 20. d4 f5 21. Nd6 g6 22. d5 Ng5 23. Rd1 Be2 24. dxc6+ Ke6 25. Rdc1 Ne4 26. Nxe4 fxe4 27.
Bc5 a6 28. c7 Bb5 29. Rd1 Bd3 30. Bb6 Kd5 31. Rdc1 Rhc8 32. Ra5+ Bb5 33. Rc5+ Kd6 34. Ra1 Bd3 35. f3 a5 36. fxe4 a4 37. e5+ 1-0

[Event "MČR v bleskovém šachu družstev 2019"]
[Site "Teplice, Czech Republic"]
[Date "2019.09.14"]
[Round "8.27"]
[White "Srba, Milan"]
[Black "Chmel, Kristian"]
[Result "0-1"]
[TimeControl "3 mim. + 2 s"]
[WhiteFideId "321575"]
[BlackFideId "344281"]
[WhiteElo "2195"]
[BlackElo "2097"]

1. e4 e5 2. Nf3 Nc6 3. d4 exd4 4. Nxd4 Nf6 5. Nc3 Nxe4 6. Nxc6 Nxc3 7. Nxd8 Nxd1 8. Nxf7 Kxf7 9. Bc4+ Kf6 10. Kxd1 c6 11. h4 d5 12.
Bg5+ Kf7 13. Bb3 Bc5 14. Kd2 Bf5 15. f3 h6 16. Bf4 g5 17. hxg5 hxg5 18. Bxg5 Rxh1 19. Rxh1 Rg8 20. f4 Be4 21.
Rh2 Bg1 22. Rh6 Bxg2 23. c4 Re8 24.
cxd5 cxd5 25. Rh7+ Kg6 26. Rxb7 Be3+ 27. Kd3 Be4+ 28. Ke2 d4 29. Bf7+ Kf5 30. Bxe8 Bxb7 31. Kd3 0-1

[Event "MČR v bleskovém šachu družstev 2019"]
[Site "Teplice, Czech Republic"]
[Date "2019.09.14"]
[Round "9.1"]
[White "Vojta, Tomas"]
[Black "Kociscak, Jiri"]
[Result "1-0"]
[TimeControl "3 mim. + 2 s"]
[WhiteTitle "FM"]
[BlackTitle "IM"]
[WhiteFideId "308781"]
[BlackFideId "322121"]
[WhiteElo "2353"]
[BlackElo "2417"]

1. e4 e5 2. Nc3 Nf6 3. f4 d5 4. fxe5 Nxe4 5. Qf3 Nxc3 6. dxc3 Be7 7. Bf4 Be6 8. O-O-O c6 9. Qg3 Rg8 10. h4 Nd7 11. Nf3 Qa5 12.
Kb1 d4 13. c4 c5 14. Ng5 Bf5 15. Bd3 Bxd3 16. cxd3 h6 17. Ne4 O-O-O 18. Rhf1 Qb6 19. Nd6+ Bxd6 20. exd6 Rde8 21. Rde1 Qd8 22. Rxe8 Qxe8 23. Re1 Qd8 24. Re7 g5 25. hxg5 hxg5 26.
Bd2 f6 27. Qf3 Re8 28. Qe4 Rh8 29. Qf5 Re8 30. Qe6 Rh8 31. Kc2 Rf8 32. Ba5 b6 33. Be1 f5 34. Qd5 1-0